 Dungeon Crawl Stone Soup version 0.18.1-50-g88ac8fd (webtiles) character file.

207 Franakus the Conjurer (level 5, -3/28 HPs)
             Began as a Deep Elf Conjurer on Oct 26, 2016.
             Slain by Grinder (7 damage)
             ... on level 3 of the Dungeon.
             The game lasted 00:29:31 (1703 turns).

Franakus the Conjurer (Deep Elf Conjurer)           Turns: 1703, Time: 00:29:32

Health: -3/28      AC:  3    Str:  5    XL:     5   Next: 54%
Magic:  9/13       EV: 14    Int: 21    God:
Gold:   259        SH:  0    Dex: 15    Spells: 4 memorised, 2 levels left

rFire  . . .     SeeInvis .     d - +4 dagger (freeze)
rCold  . . .     Gourm    .     a - +1 robe
rNeg   . . .     Faith    .     (no shield)
rPois  .         Spirit   .     (no helmet)
rElec  .         Dismiss  .     (no cloak)
rCorr  .         Reflect  .     (no gloves)
SustAt .         Harm     .     (no boots)
MR     .....                    (no amulet)
Stlth  ++........               (no ring)
                                (no ring)

@: very slightly contaminated, not resistant to hostile enchantments, unstealthy
A: no striking features
a: no special abilities


You were on level 3 of the Dungeon.
You were hungry.

You visited 1 branch of the dungeon, and saw 4 of its levels.

You collected 259 gold pieces.

Inventory:

Hand Weapons
 d - a +4 dagger of freezing (weapon)
Armour
 a - a +1 robe (worn)
Wands
 m - a wand of slowing (15/48)
Scrolls
 e - 3 scrolls of recharging
 h - a scroll of identify
Potions
 f - a potion of magic {unknown}
 g - a potion of brilliance {unknown}
 i - 2 potions of berserk rage {unknown}
 j - a potion of curing {unknown}
 k - 2 potions of heal wounds {unknown}
 l - a potion of mutation {unknown}
Books
 b - a book of Conjurations

   Spells                             Type                      Level
   a - Magic Dart                     Conjuration                  1
   b - Searing Ray                    Conjuration                  2
   c - Dazzling Spray                 Conjuration/Hexes            3
   d - Fulminant Prism                Conjuration/Hexes            4
   e - Iskenderun's Mystic Blast      Conjuration                  4
   f - Iskenderun's Battlesphere      Conjuration/Charms           5
Comestibles
 c - 4 bread rations
 n - a meat ration


   Skills:
 + Level 0.2 Fighting
 + Level 3.9 Dodging
 + Level 3.3 Stealth
 + Level 4.1 Spellcasting
 + Level 6.1 Conjurations


You had 2 spell levels left.
You knew the following spells:

 Your Spells              Type           Power        Failure   Level  Hunger
a - Magic Dart            Conj           ####         1%          1    None
b - Searing Ray           Conj           ####..       1%          2    #......
c - Dazzling Spray        Conj/Hex       ###...       12%         3    ###....
d - Iskenderun's Mystic   Conj           ####....     12%         4    ####...


Dungeon Overview and Level Annotations

Branches:
Dungeon (4/15)
 Temple: D:4-7

Altars:
Ashenzari
Dithmenos
Gozag
Ru

Annotations:
D:2 Robin
D:3 Grinder


Message History

Grinder resists with significant effort.
This wand has 15 charges left.
Grinder hits you!
You writhe in agony.
You hit Grinder.
Grinder is lightly wounded.
Grinder misses you.
You hit Grinder but do no damage.
Grinder is lightly wounded.
Grinder hits you!
* * * LOW HITPOINT WARNING * * *
You hit Grinder.
Grinder is lightly wounded.
Grinder completely misses you.
Casting: Searing Ray
Confirm with . or Enter, or press ? or * to list all spells.
Aiming: Searing Ray
Press: ? - help, Shift-Dir - straight line, f/p - Grinder
Aim: Grinder (lightly wounded)
The searing ray misses Grinder.
Grinder hits you!
You die...

..# ##.###.###..# #.#
#........<..# #.#
#.####.####.# #.#
###.####.####.#######
#.#
#.....##......<.5...#
...
#.#.####.###..#####...
#.# #.._..#..# #.รท#
#.# ###.#.#### #5.#
#.# #.....#.####@.# #
###.###...[...# #
###.###.####.##
#............#
#...#.......####
#.#####..#[...##### #.
#.....###.......#
####.##..###..##.#.#
.....###..#..###...#


You could see Grinder.

Vanquished Creatures
  Jessica (D:2)
  Ijyb (D:3)
  A worker ant (D:4)
  3 adders
  6 oozes (D:1)
  4 worms
  3 dart slugs (D:1)
  3 giant geckos
  An orc (D:4)
  3 giant cockroaches (D:1)
  6 goblins
  2 hobgoblins
  8 jackals
  5 kobolds (D:1)
  A ball python (D:1)
  9 bats
  A giant newt (D:1)
  A quokka skeleton (D:4)
  4 rats
63 creatures vanquished.

Notes
Turn   | Place    | Note
--------------------------------------------------------------
     0 | D:1      | Franakus the Deep Elf Conjurer began the quest for the Orb.
     0 | D:1      | Reached XP level 1. HP: 10/10 MP: 6/6
     1 | D:1      | Found a runed door.
    57 | D:1      | Reached XP level 2. HP: 13/15 MP: 0/8
   150 | D:2      | Learned a level 2 spell: Searing Ray
   154 | D:2      | Reached skill level 5 in Conjurations
   175 | D:2      | Noticed Robin
   419 | D:2      | Reached XP level 3. HP: 19/19 MP: 9/9
   424 | D:2      | Learned a level 3 spell: Dazzling Spray
   430 | D:2      | Noticed Jessica
   436 | D:2      | Killed Jessica
   449 | D:2      | Reached XP level 4. HP: 24/24 MP: 1/11
   451 | D:2      | Found a sacrificial altar of Ru.
   529 | D:2      | Found a shattered altar of Ashenzari.
   593 | D:3      | Found an opulent altar of Gozag.
   614 | D:3      | Found a shadowy altar of Dithmenos.
   751 | D:3      | Noticed Ijyb
   762 | D:3      | Killed Ijyb
   777 | D:3      | Noticed Grinder
   798 | D:3      | Learned a level 4 spell: Iskenderun's Mystic Blast
  1077 | D:4      | Reached XP level 5. HP: 18/28 MP: 7/12
  1455 | D:1      | Reached skill level 6 in Conjurations
  1703 | D:3      | Slain by Grinder

Skill      XL: |  1  2  3  4  5 |
---------------+----------------+-----
Conjurations   | 5 6 |  6.1
Dodging        | 3 |  3.9
Stealth        | 3 |  3.3
Spellcasting   | 4 |  4.1
Fighting       | |  0.2

Action                   |  1- 3 |  4- 6 || total
-------------------------+-------+-------++-------
Melee: Dagger            |    25 |    56 ||    81
 Cast: Magic Dart        |    15 |     9 ||    24
       Searing Ray       |     6 |    13 ||    19
       Iskenderun's Myst |       |     2 ||     2
Evoke: Wand              |       |     1 ||     1
  Use: Scroll            |       |    10 ||    10
 Stab: Sleeping          |     1 |     2 ||     3
  Eat: Beef jerky        |       |     1 ||     1
       Chunk             |       |     1 ||     1
Armor: Robe              |     3 |    12 ||    15
Dodge: Dodged            |    25 |    42 ||    67
